 Dungeon Crawl Stone Soup version 0.23.2-30-g0e89c35649 (webtiles) character file.

Game seed: 5378522924399179792

9627 HASTUR3 the Grappler (level 11, -9/153 HPs)
             Began as a Troll Fighter on June 14, 2019.
             Was an Elder of Makhleb.
             Mangled by a catoblepas (15 damage)
             ... while petrified by you
             ... on level 10 of the Dungeon.
             The game lasted 00:40:42 (8916 turns).

HASTUR3 the Grappler (Troll Fighter)                Turns: 8916, Time: 00:40:42

Health: -9/153     AC:  9    Str: 31    XL:     11   Next: 25%
Magic:  13/13      EV:  1    Int:  4    God:    Makhleb [****..]
Gold:   699        SH:  0    Dex: 12    Spells: 10/10 levels left

rFire    . . .     SeeInvis .     - Unarmed
rCold    . . .     Gourm    +   b - +0 shield
rNeg     + + +     Faith    .   D - +0 troll leather armour {Purgy}
rPois    ∞         Spirit   .   (helmet restricted)
rElec    .         Reflect  .   F - +0 cloak
rCorr    +         Harm     .   (gloves unavailable)
MR       +....                  (boots unavailable)
Stlth    ..........             (no amulet)
HPRegen  1.15/turn              A - ring of positive energy
MPRegen  0.13/turn              C - ring of resist corrosion

@: berserking (expiring), petrified, very slightly contaminated
A: large, unfitting armour, claws 3, molten scales 1, deformed body, fast
metabolism 3, gourmand, magic resistance 1, regeneration 1, shaggy fur 1, tough
skin 3, wild magic 1
a: Minor Destruction, Lesser Servant of Makhleb, Major Destruction, Renounce
Religion


You were on level 10 of the Dungeon.
You worshipped Makhleb.
Makhleb was greatly pleased with you.
You were full.

You visited 1 branch of the dungeon, and saw 10 of its levels.
You also visited: Sewer.

You collected 795 gold pieces.
You spent 96 gold pieces at shops.

Inventory:

Armour
 b - a +0 shield (worn)
 D - a +0 troll leather armour (worn) {Purgy}
 F - a +0 cloak (worn)
Jewellery
 A - a ring of positive energy (left claw)
 C - a ring of resist corrosion (right claw)
Wands
 i - a wand of clouds (3)
 n - a wand of iceblast (13)
 s - a wand of random effects (14)
 y - a wand of flame (26)
 G - a wand of scattershot (5)
Scrolls
 f - 3 scrolls of immolation
 g - a scroll of blinking
 h - 7 scrolls of identify
 j - 12 scrolls of remove curse
 l - 6 scrolls of teleportation
 o - 2 scrolls of magic mapping
 p - 3 scrolls of noise {unknown}
 r - a scroll of summoning {unknown}
 u - 2 scrolls of fog
 w - 2 scrolls of enchant weapon
 x - a scroll of acquirement {unknown}
 B - a scroll of enchant armour {unknown}
 E - a scroll of vulnerability {unknown}
Potions
 a - a potion of magic
 c - a potion of might
 e - 3 potions of curing
 k - a potion of agility
 m - a potion of degeneration {unknown}
 q - 4 potions of heal wounds
 t - 2 potions of resistance
 v - a potion of flight
Comestibles
 d - 29 rations


   Skills:
 - Level 5.0 Fighting
 + Level 4.0 Armour
 - Level 5.0 Dodging
 - Level 9.0 Shields
 + Level 10.5 Unarmed Combat
 + Level 4.3 Invocations


You had 10 spell levels left.
You didn't know any spells.
Your spell library was empty.

Dungeon Overview and Level Annotations

Branches:
Dungeon (10/15)            Temple (0/1) D:5            Lair (0/6) D:8
    Orc: D:9-12

Altars:
Ashenzari
Elyvilon
Hepliaklqana
Makhleb
Qazlal
Sif Muna
Vehumet
Zin

Shops:
D:4 %}}!


Innate Abilities, Weirdness & Mutations

You are too large for most types of armour.
You have claws for hands.
Your metabolism is lightning-fast.
You like to eat raw meat.
Your natural rate of healing is unusually fast.
You are covered in fur. (AC +1)
You have extremely tough skin. (AC +3)
You are partially covered in molten scales. (AC +2)
Armour fits poorly on your strangely shaped body.
You are resistant to hostile enchantments. (MR+)
Your spells are a little harder to cast, but a little more powerful.


Message History

* * * LOW HITPOINT WARNING * * *
You have turned to stone.
You are engulfed in calcifying dust.
The catoblepas breathes in.
The catoblepas breathes a plume of calcifying dust at you.
The blast of calcifying dust hits you!
* * * LOW HITPOINT WARNING * * *
The catoblepas gores you. The catoblepas gores you!
* * * LOW HITPOINT WARNING * * *
The catoblepas breathes a plume of calcifying dust at you.
The blast of calcifying dust hits you but does no damage.
You are engulfed in calcifying dust.
The catoblepas gores you!
* * * LOW HITPOINT WARNING * * *
You are engulfed in calcifying dust.
The catoblepas gores you!
* * * LOW HITPOINT WARNING * * *
You are engulfed in calcifying dust.
The catoblepas gores you!!
* * * LOW HITPOINT WARNING * * *
You are engulfed in calcifying dust.
The catoblepas gores you!!
You die...

...#..................#
##.#.##.###.#########.#
#.#.##...#.# #.# ##.#......#.#
#.# ............# #.#
.#.###......# #.# .#.#...##.#.#
#.# ######
.#.#.####.#.#########.######.....
.#.#.>.........Y@§§.§........####
.#.##.###.#.#####.###......###...
##.##.###.#..####..#.........#..≈
#.##.#...#...........#..#...#.≈.
#.##.#.###.##.........##....##≈.
#.##.#.#...#...##.##..##.....##≈
#.##.#.........##.##.#..#.....#.
#.##.#...........#...........##≈
#.##.#..##..##.##.##........##≈.


You could see a catoblepas.

Vanquished Creatures
  A death knight (D:6)
  A centaur warrior (D:10)
  A two-headed ogre (D:10)
  Pikel (D:6)
  A manticore (D:10)
  The ghost of caleiya the Geomancer, a novice GrEE of Vehumet (D:6)
  A komodo dragon (D:8)
  A troll (D:9)
  A hippogriff (D:7)
  Sigmund (D:2)
  A vampire (D:9)
  3 wyverns (D:8)
  A human (D:9)
  3 hogs (D:9)
  A yak (D:9)
  Eustachio (D:5)
  Edmund (D:6)
  A swamp drake (D:8)
  3 orc warriors
  Purgy (Sewer)
  A slave (D:6)
  A phantom (D:5)
  3 sky beasts
  An eye of draining (D:9)
  An ice beast (D:9)
  A black bear (D:6)
  2 ogres
  4 centaurs
  A crocodile (D:10)
  Blork the orc (D:6)
  2 bullfrogs
  A gnoll sergeant (D:10)
  4 scorpions
  5 wights (D:9)
  6 killer bees (D:10)
  2 howler monkeys
  A bullfrog zombie (D:7)
  A centaur zombie (D:8)
  3 crimson imps
  6 hounds
  Crazy Yiuf (D:5)
  3 bullfrog skeletons
  5 orc priests
  A centaur skeleton (D:10)
  2 iguanas (D:6)
  5 jellies
  Ijyb (D:5)
  13 orc wizards
  Natasha (thrice) (D:2)
  6 worker ants
  A statue (D:5)
  A hound skeleton (D:4)
  A worker ant zombie (D:6)
  3 gnolls (D:9)
  2 howler monkey skeletons
  5 adders
  5 shadow imps
  3 worms
  8 leopard geckos
  19 orcs
  3 ball pythons
  5 bats
  9 giant cockroaches
  7 goblins
  4 hobgoblins
  16 jackals
  7 kobolds
  5 quokkas
  12 frilled lizards
  A leopard gecko skeleton (D:5)
  A leopard gecko zombie (D:5)
  5 rats
236 creatures vanquished.

Vanquished Creatures (others)
  A leopard gecko (D:6)
1 creature vanquished.

Grand Total: 237 creatures vanquished

Notes
Turn   | Place    | Note
-------+----------+-------------------------------------------
     0 | D:1      | HASTUR3 the Troll Fighter began the quest for the Orb.
     0 | D:1      | Reached XP level 1. HP: 22/22 MP: 0/0
    95 | D:1      | Reached XP level 2. HP: 27/29 MP: 1/1
   303 | D:1      | Found a shattered altar of Ashenzari.
   363 | D:1      | Reached skill level 3 in Unarmed Combat
   909 | D:2      | Noticed Sigmund
   931 | D:2      | Killed Sigmund
   931 | D:2      | Reached skill level 5 in Unarmed Combat
   931 | D:2      | Reached XP level 3. HP: 11/36 MP: 2/2
   931 | D:2      | Reached XP level 4. HP: 13/44 MP: 3/3
   931 | D:2      | Reached XP level 5. HP: 15/50 MP: 4/4
  1273 | D:2      | Noticed Natasha
  1282 | D:2      | Killed Natasha
  1282 | D:2      | Reached skill level 6 in Unarmed Combat
  1307 | D:2      | Noticed Natasha
  1314 | D:2      | Reached XP level 6. HP: 48/59 MP: 5/5
  1329 | D:2      | Killed Natasha
  1506 | D:2      | Noticed Natasha
  1507 | D:2      | Killed Natasha
  1658 | D:3      | Noticed a sky beast
  1675 | D:3      | Killed a sky beast
  1675 | D:3      | Reached skill level 7 in Unarmed Combat
  2034 | D:3      | Found a burning altar of Makhleb.
  2256 | D:3      | Became a worshipper of Makhleb the Destroyer
  2319 | D:4      | Reached XP level 7. HP: 66/66 MP: 4/6
  2361 | D:4      | Found Emmia's Distillery.
  2368 | D:4      | Bought a potion of mutation for 96 gold pieces
  2368 | D:4      | Gained mutation: You are surrounded by a mild repulsion
                  | field. (EV +2) [potion of mutation]
  2368 | D:4      | Gained mutation: You have large cloven feet. [potion of
                  | mutation]
  2369 | D:4      | Lost mutation: You have large cloven feet. [potion of
                  | mutation]
  2369 | D:4      | Lost mutation: You are surrounded by a mild repulsion
                  | field. (EV +2) [potion of mutation]
  2369 | D:4      | Gained mutation: You have a pair of small horns on your
                  | head. [potion of mutation]
  2369 | D:4      | Gained mutation: You evolve. [potion of mutation]
  2370 | D:4      | Lost mutation: You evolve. [potion of mutation]
  2370 | D:4      | Lost mutation: You have a pair of small horns on your head.
                  | [potion of mutation]
  2370 | D:4      | Gained mutation: You expend magic power (3 MP) to
                  | strengthen your wands. [potion of mutation]
  2370 | D:4      | Gained mutation: You have a pair of small horns on your
                  | head. [potion of mutation]
  2371 | D:4      | Lost mutation: You expend magic power (3 MP) to strengthen
                  | your wands. [potion of mutation]
  2371 | D:4      | Lost mutation: You have a pair of small horns on your head.
                  | [potion of mutation]
  2371 | D:4      | Gained mutation: Armour fits poorly on your strangely
                  | shaped body. [potion of mutation]
  2371 | D:4      | Gained mutation: You are partially covered in molten
                  | scales. (AC +2) [potion of mutation]
  2371 | D:4      | Gained mutation: You are resistant to hostile enchantments.
                  | (MR+) [potion of mutation]
  2371 | D:4      | Gained mutation: Your spells are a little harder to cast,
                  | but a little more powerful. [potion of mutation]
  2410 | D:4      | Found Odwats's Gadget Boutique.
  2436 | D:4      | Found Meappef's Food Emporium.
  2636 | D:4      | Found Femoiplo's Gadget Shop.
  2891 | D:5      | Entered Level 5 of the Dungeon
  2898 | D:5      | Found a white marble altar of Elyvilon.
  2980 | D:5      | Noticed Ijyb
  2990 | D:5      | Killed Ijyb
  2990 | D:5      | Reached * piety under Makhleb
  3178 | D:5      | Found a runed translucent door.
  3179 | D:5      | Noticed Crazy Yiuf
  3188 | D:5      | Killed Crazy Yiuf
  3279 | D:5      | Found a staircase to the Ecumenical Temple.
  3281 | D:5      | Found a radiant altar of Vehumet.
  3453 | D:5      | Found a hazy altar of Hepliaklqana.
  3483 | D:5      | Reached skill level 5 in Shields
  3498 | D:5      | Found a glowing drain.
  3535 | Sewer    | Entered a sewer
  3593 | Sewer    | Noticed Purgy
  3602 | Sewer    | Killed Purgy
  3602 | Sewer    | Reached XP level 8. HP: 69/74 MP: 7/7
  3761 | D:6      | Noticed Eustachio
  3823 | D:5      | Killed Eustachio
  3910 | D:5      | Reached ** piety under Makhleb
  4178 | D:6      | Noticed Pikel
  4199 | D:6      | Killed Pikel
  4199 | D:6      | Reached XP level 9. HP: 76/80 MP: 8/8
  4424 | D:6      | Found a runed translucent door.
  4424 | D:6      | Noticed caleiya's ghost (novice GrEE)
  4424 | D:6      | Noticed a death knight
  4437 | D:6      | Killed caleiya's ghost
  4439 | D:6      | Noticed Blork the orc
  4455 | D:6      | Killed a death knight
  4455 | D:6      | Reached skill level 8 in Unarmed Combat
  4468 | D:6      | Killed Blork the orc
  4521 | D:6      | You fall through a shaft for 2 floors!
  4727 | D:6      | Noticed Edmund
  4755 | D:6      | Killed Edmund
  5030 | D:7      | Reached XP level 10. HP: 92/92 MP: 9/9
  5118 | D:7      | Found a stormy altar of Qazlal.
  5118 | D:7      | Found a glowing silver altar of Zin.
  5163 | D:7      | Reached *** piety under Makhleb
  5441 | D:7      | Reached skill level 9 in Unarmed Combat
  5852 | D:8      | Found a staircase to the Lair.
  6226 | D:8      | Found a deep blue altar of Sif Muna.
  6528 | D:9      | Reached skill level 5 in Fighting
  6537 | D:9      | Reached skill level 5 in Dodging
  6613 | D:9      | Reached skill level 1 in Armour
  6613 | D:9      | Reached skill level 1 in Invocations
  6944 | D:10     | Entered Level 10 of the Dungeon
  7156 | D:9      | Reached skill level 10 in Unarmed Combat
  7164 | D:9      | Reached **** piety under Makhleb
  7425 | D:10     | Noticed a catoblepas
  7425 | D:10     | Noticed a manticore
  7755 | D:10     | Noticed a centaur warrior
  7768 | D:10     | Killed a centaur warrior
  7768 | D:10     | Reached XP level 11. HP: 88/102 MP: 12/12
  7898 | D:10     | Noticed a two-headed ogre
  7907 | D:10     | Killed a two-headed ogre
  8915 | D:10     | HP: 5/153 [catoblepas (9)]
  8916 | D:10     | Mangled by a catoblepas

Skill      XL: |  1  2  3  4  5  6  7  8  9 10 11 |
---------------+----------------------------------+-----
Unarmed Combat | 5 6 7 8 10 | 10.5
Shields        | 5 8 9 |  9.0
Fighting       | 4 5 |  5.0
Dodging        | 4 5 |  5.0
Armour         | 3 4 |  4.0
Invocations    | 3 4 |  4.3

Action                   |  1- 3 |  4- 6 |  7- 9 | 10-12 || total
-------------------------+-------+-------+-------+-------++-------
Melee: Unarmed           |    65 |   131 |   337 |   307 ||   840
Invok: Minor Destruction |       |       |       |    18 ||    18
       Lesser Servant of |       |       |       |     1 ||     1
  Use: Potion            |       |       |    14 |     3 ||    17
       Scroll            |       |       |     9 |     1 ||    10
 Stab: Sleeping          |       |       |     1 |       ||     1
  Eat: Chunk             |    14 |    13 |    25 |    32 ||    84
Armor: Robe              |    12 |    36 |    30 |       ||    78
       Troll leather arm |       |       |    57 |    63 ||   120
Dodge: Dodged            |    21 |    32 |    72 |    96 ||   221
Block: Shield            |    18 |    57 |   123 |   142 ||   340
